 Dungeon Crawl Stone Soup version 0.28.0-45-g0d030f2227 (webtiles) character file.

Game seed: 4303097796388318439

109 Sunwitch the Skirmisher (level 4, -5/41 HPs)
             Began as a Minotaur Fighter on Apr 6, 2022.
             Slain by Jessica
             ... wielding a +4 dagger of venom
              (8 damage)
             ... on level 3 of the Dungeon.
             The game lasted 00:04:59 (2349 turns).

Sunwitch the Skirmisher (Minotaur Fighter)          Turns: 2349, Time: 00:05:00

Health: -5/41      AC:  7    Str: 23    XL:     4   Next: 60%
Magic:  3/3        EV:  9    Int:  5    God:
Gold:   71         SH:  4    Dex:  9    Spells: 3/3 levels left

rFire   . . .      SeeInvis .   a - +0 long sword
rCold   . . .      Faith    .   c - +0 buckler
rNeg    . . .      Spirit   .   b - +0 scale mail
rPois   .          Reflect  .   (helmet restricted)
rElec   .          Harm     .   (no cloak)
rCorr   .          Rampage  .   (no gloves)
Will    .....                   (no boots)
Stlth   ..........              (no amulet)
HPRegen 0.13/turn               (no ring)
MPRegen 0.08/turn               (no ring)

@: mighty, lethally poisoned (-5 -> -18), hasted, very quick
A: horns 2, retaliatory headbutt
a: no special abilities


You were on level 3 of the Dungeon.
You visited 1 branch of the dungeon, and saw 3 of its levels.

You collected 71 gold pieces.

Inventory:

Hand Weapons
 a - a +0 long sword (weapon)
Armour
 b - a +0 scale mail (worn)
 c - a +0 buckler (worn)
Jewellery
 f - a +6 ring of strength
 l - an amulet of regeneration
Wands
 m - a wand of acid (6)
Scrolls
 e - a scroll of vulnerability {unknown}
 h - a scroll of identify {unknown}
 j - a scroll of fear {unknown}
Potions
 d - a potion of might
 i - a potion of berserk rage {unknown}
 k - a potion of mutation {unknown}


   Skills:
 + Level 4.5 Fighting
 * Level 3.7 Long Blades
 + Level 4.3 Armour
 + Level 1.1 Dodging
 + Level 0.0 Stealth
 + Level 4.3 Shields
 + Level 0.0 Evocations


You had 3 spell levels left.
You didn't know any spells.
Your spell library contained the following spells:

 Spells                   Type           Power      Damage    Failure   Level
 Sting                    Tmut/Pois      0%         1d3       86%         1
 Poisonous Vapours        Pois/Air       0%         N/A       95%         2
 Static Discharge         Conj/Air       0%         N/A       95%         2
 Dispel Undead            Necr           0%         3d6       100%        4
 Olgreb's Toxic Radiance  Pois           0%         N/A       100%        4
 Sticky Flame             Conj/Fire      0%         2d3       100%        4


Dungeon Overview and Level Annotations

Branches:
Dungeon (3/15)

Altars:

Shops:
D:2 [[:[

Annotations:
D:3 Jessica


Innate Abilities, Weirdness & Mutations

You have a pair of horns on your head.
You reflexively headbutt those who attack you in melee.


Message History

You barely miss Jessica. You headbutt Jessica.
Jessica is lightly wounded.
You feel very sick. Jessica closely misses you.
You barely miss Jessica.
Jessica is lightly wounded.
You feel sick.
Jessica hits you with a +4 dagger of venom.
You hit Jessica.
Jessica is heavily wounded.
You feel sick. You block Jessica's attack. Jessica hits you but does no damage.
You barely miss Jessica.
Jessica is heavily wounded.
You feel sick.
Jessica hits you with a +4 dagger of venom.
You are more poisoned.
You closely miss Jessica. You headbutt Jessica.
Jessica is almost dead.
You feel very sick. Jessica completely misses you.
You barely miss Jessica.
Jessica is almost dead.
You feel sick.
Jessica points at you and mumbles some strange words.
Pain shoots through your body!
You barely miss Jessica.
Jessica is almost dead.
You feel sick. Jessica hits you but does no damage.
You are more poisoned.
Jessica hits you with a +4 dagger of venom.
* * * LOW HITPOINT WARNING * * *
You feel very mighty all of a sudden.
* * * LOW HITPOINT WARNING * * *
You feel sick. Jessica hits you but does no damage.
You are more poisoned.
It was a potion of haste.
You feel yourself speed up.
* * * LOW HITPOINT WARNING * * *
You feel very sick.
Jessica hits you with a +4 dagger of venom!
You die...

#.# #.. ... .# #.#
#.# #.# #.# #.# #.#
#.# #.# #.# ## #.#
#.# #.# . #.# #.#
#.#.#
####.#.###>###.#.#
........@..†......#
#####.#@###.###.###
#.#S# #.###.#######
# ..# #............
.... ####.########
##### #.########.
#. ###..........
##.##....#######.
.......#..###....


You could see an adder and Jessica.

Vanquished Creatures
  Robin (D:2)
  An adder (D:2)
  A dart slug (D:1)
  2 endoplasms (D:2)
  2 giant cockroaches
  14 goblins
  13 hobgoblins
  11 jackals (D:1)
  A quokka (D:1)
  6 ball pythons
  4 bats
  4 frilled lizards
  7 kobolds
  11 rats
78 creatures vanquished.

Notes
Turn   | Place    | Note
-------+----------+-------------------------------------------
     0 | D:1      | Sunwitch the Minotaur Fighter began the quest for the Orb.
     0 | D:1      | Reached XP level 1. HP: 19/19 MP: 0/0
   200 | D:1      | Reached XP level 2. HP: 26/27 MP: 1/1
   448 | D:1      | Found a faded altar of an unknown god.
   593 | D:1      | Reached XP level 3. HP: 29/33 MP: 2/2
  1429 | D:2      | Found Ninadiud's Book Shop.
  1431 | D:2      | Found Poag's Antique Armour Shoppe.
  1442 | D:2      | Reached skill level 1 in Dodging
  1445 | D:2      | Found Talo's Armour Emporium.
  1460 | D:2      | Reached XP level 4. HP: 24/41 MP: 3/3
  1538 | D:2      | Noticed Robin
  1549 | D:2      | Killed Robin
  2075 | D:2      | Found Fyumnol's Armour Shop.
  2336 | D:3      | Noticed Jessica
  2349 | D:3      | Slain by Jessica

Illustrated notes

Levels and vault maps discovered:
D:1:      dpeg_arrival_another_circle, layout_loops_corners,
          shapermc_ecumenical_altar_venn
D:2:      layout_basic, serial_shops, shop_fountains,
          nicolae_shop_advertising_works [nicolae_subvault_shop_adworks],
          nicolae_shop_statue_plus, nicolae_shop_hallway_plus, uniq_robin
D:3:      layout_loops_ring, uniq_jessica

Skill      XL: |  1  2  3 |
---------------+----------+-----
Fighting       | 4 |  4.5
Shields        | 4 |  4.3
Armour         | 4 |  4.3
Long Blades    | 3 |  3.7
Dodging        | 1 |  1.1

Action                   |  1- 3 |  4- 6 || total
-------------------------+-------+-------++-------
Melee: Long sword        |   103 |    67 ||   170
       Headbutt          |     8 |     9 ||    17
  Use: Potion            |       |     2 ||     2
Armor: Scale mail        |    57 |    31 ||    88
Dodge: Dodged            |    49 |    38 ||    87
Block: Buckler           |    13 |    16 ||    29
